 Dungeon Crawl Stone Soup version 0.30.0-17-ge0270778cf (webtiles) character file.

Game seed: 12911294770440990658

14670 pigah the Stormcaller (level 12, -1/74 HPs)
             Began as an Octopode Air Elementalist on May 21, 2023.
             Was an Initiate of Gozag.
             Succumbed to a cane toad's poison
             ... on level 1 of the Lair of Beasts.
             The game lasted 00:26:56 (16012 turns).

pigah the Stormcaller (Octopode Air Elementalist)  Turns: 16012, Time: 00:26:56

Health: -1/74      AC:  1    Str: 14    XL:     12   Next: 19%
Magic:  9/26       EV: 13    Int: 22    God:    Gozag
Gold:   1475       SH:  0    Dex: 12    Spells: 22/32 levels left

rFire   + . .        a - staff of air
rCold   + . .        (no shield)
rNeg    + . .        (helmet restricted)
rPois   +            (no amulet)
rElec   +            m - +6 ring of strength
rCorr   .            q - ring of protection from fire
SInv    .            x - ring of positive energy
Will    .....        y - ring of protection from cold
Stlth   +++          G - ring of poison resistance
HPRegen 0.32/turn    (no ring)
MPRegen 0.20/turn    (no ring)
                     (no ring)

%: no passive effects
@: lethally poisoned (-1 -> -13), gold aura
A: almost no armour, amphibious, 8 rings, camouflage 1, gelatinous body 1,
(nimble swimmer 1), tentacles
a: Renounce Religion, Potion Petition, Call Merchant, Bribe Branch


You were on level 1 of the Lair of Beasts.
You worshipped Gozag.
Gozag was most pleased with you.
You visited 2 branches of the dungeon, and saw 12 of its levels.

You collected 2189 gold pieces.
You spent 156 gold pieces at shops.
You paid 558 gold pieces to Gozag.

Inventory:

Hand Weapons
 v - the +8 demon trident "Rift" {distort, reach+}
   (You found it on level 5 of the Dungeon)
Missiles
 l - 2 throwing nets
 n - 6 curare-tipped darts
Magical Staves
 a - a staff of air (weapon)
Jewellery
 b - a ring of ice
 m - a +6 ring of strength (left tentacle)
 q - a ring of protection from fire (right tentacle)
 x - a ring of positive energy (on tentacle)
 y - a ring of protection from cold (on tentacle)
 G - a ring of poison resistance (on tentacle)
 H - a ring of ice
Wands
 u - a wand of iceblast (16)
 B - a wand of paralysis (10)
Scrolls
 c - 2 scrolls of silence
 f - 7 scrolls of blinking
 h - 5 scrolls of teleportation
 i - a scroll of acquirement {unknown}
 j - 2 scrolls of fear
 k - 3 scrolls of amnesia
 o - 2 scrolls of magic mapping {unknown}
 t - 2 scrolls of enchant armour {unknown}
 w - 2 scrolls of fog {unknown}
 z - a scroll of brand weapon {unknown}
 C - 3 scrolls of poison
 E - a scroll of butterflies {unknown}
 F - a scroll of vulnerability {unknown}
 I - a scroll of enchant weapon {unknown}
Potions
 d - 3 potions of magic
 e - 4 potions of mutation
 g - 6 potions of curing
 p - a potion of haste
 r - 5 potions of heal wounds
 s - 5 potions of invisibility
 A - 2 potions of berserk rage {unknown}
 D - a potion of flight {unknown}
 J - 2 potions of brilliance {unknown}


   Skills:
 * Level 4.0 Fighting
 + Level 2.0 Dodging
 - Level 2.6 Stealth
 + Level 10.8 Spellcasting
 - Level 1.0 Conjurations
 * Level 15.2 Air Magic


You had 22 spell levels left.
You knew the following spells:

 Your Spells              Type           Power      Damage    Failure   Level
a - Shock                 Conj/Air       100%       1d9       1%          1
b - Swiftness             Air            87%        N/A       1%          3
c - Airstrike             Air            43%        2d(7-23)  1%          4
q - Poisonous Vapours     Pois/Air       100%       N/A       1%          2

Your spell library contained the following spells:

 Spells                   Type           Power      Damage    Failure   Level
 Static Discharge         Conj/Air       100%       2-7/arc   1%          2
 Kiss of Death            Conj/Necr      56%        2d9       4%          1
 Beastly Appendage        Tmut           22%        N/A       5%          1
 Freeze                   Ice            44%        1d6       5%          1
 Slow                     Hex            44%        N/A       5%          1
 Sting                    Tmut/Pois      44%        1d5       5%          1
 Wereblood                Tmut           11%        N/A       9%          2
 Call Canine Familiar     Summ           11%        N/A       17%         3
 Confusing Touch          Hex            11%        N/A       17%         3
 Ozocubu's Armour         Ice            11%        N/A       17%         3
 Portal Projectile        Hex/Tloc       22%        N/A       17%         3
 Spider Form              Tmut/Pois      11%        N/A       17%         3
 Vampiric Draining        Necr           11%        2d6       17%         3
 Dispel Undead            Necr           11%        3d9       50%         4
 Leda's Liquefaction      Hex/Erth       5%         N/A       50%         4
 Olgreb's Toxic Radiance  Pois           11%        N/A       50%         4
 Metabolic Englaciation   Hex/Ice        5%         N/A       83%         5
 Discord                  Hex            5%         N/A       100%        8
 Ignition                 Fire           5%         3d4       100%        8


Dungeon Overview and Level Annotations

Branches:
Dungeon (11/15)            Temple (0/1) D:5            Lair (1/5) D:11
    Orc: D:9-12

Altars:
Cheibriados
Gozag
Makhleb
Okawaru
Qazlal
Vehumet
Xom
Yredelemnul
Zin

Shops:
D:8 *

Annotations:
D:3 3 runed translucent doors, cheesebisquit's ghost, amateur HOTm


Innate Abilities, Weirdness & Mutations

You cannot wear most types of armour.
You are amphibious.
You can wear up to eight rings at the same time.
Your skin changes colour to match your surroundings (Stealth+).
Your rubbery body absorbs attacks. (AC +1, EV +1)
((You are camouflaged when in or above water. (Stealth+)))
You have tentacles for arms and can constrict up to eight enemies at once.


Message History

Aim: a cane toad (lightly wounded, empty space bonus: 7/8)
You feel a surge of power!
The air twists around and strikes the cane toad!
The cane toad is moderately wounded.
The blink frog is no longer distracted by gold.
The cane toad stings you!!
Aiming: Iceblast
Press: ? - help, Shift-Dir - straight line, p - cane toad The mass of ice explodes!
The iceblast engulfs the cane toad!
The cane toad is severely wounded.
The iceblast engulfs the blink frog!
The blink frog is heavily wounded.
The cane toad stings you.
You are poisoned.
The cane toad poisons you! Magic courses through your body.
You feel very sick. The blink frog hits you!
The blink frog blinks!
The cane toad stings you!
* * * LOW HITPOINT WARNING * * *
Casting: Airstrike (safe; 1% risk of failure)
Confirm with . or Enter, or press ? or * to list all spells.
Aiming: Airstrike (safe; 1% risk of failure)
Press: ? - help, Dir - move target, f - cane toad
Aim: a cane toad (heavily wounded, empty space bonus: 7/8)
You feel a surge of power!
The air twists around and strikes the cane toad.
The cane toad is severely wounded.
You feel very sick. The cane toad stings you!
* * * LOW HITPOINT WARNING * * *
Casting: Airstrike (safe; 1% risk of failure)
Confirm with . or Enter, or press ? or * to list all spells.
Aiming: Airstrike (safe; 1% risk of failure)
Press: ? - help, Dir - move target, f/p - cane toad
Aim: a cane toad (severely wounded, empty space bonus: 6/8)
You feel a surge of power!
The air twists around and strikes the cane toad!!
You kill the cane toad!
You die...
Your body crumbles into a pile of gold.

.#### ####.### #P..#
.Y#.#####.##...###...#
................##...#
#.#.....Y............#
###.....Y..#.........#
#.....##P###...$..##
#...######## ##.F...#
#..## #.$ยง..# ..#
###.@...# .#
#########.#.....# #
#.#.............#
##...........####
#..##########
#..#########
##...#.....##
##...##....#
##P#####..##


You could see a blink frog.

Vanquished Creatures
  Fannar (D:11)
  A two-headed ogre (D:11)
  5 death yaks (D:11)
  Pikel (D:8)
  A cyclops (D:11)
  Joseph (D:7)
  A black mamba (Lair:1)
  2 gargoyles
  Maggie (D:8)
  A cane toad (Lair:1)
  A komodo dragon (Lair:1)
  A troll (D:10)
  Prince Ribbit (D:8)
  A wyvern (D:9)
  A vampire (D:10)
  2 wraiths
  11 yaks
  4 water moccasins
  3 ice beasts
  3 black bears
  2 orc warriors
  A sky beast (D:6)
  3 ogres
  4 centaurs
  2 phantoms
  3 kobold brigands (D:9)
  8 bullfrogs
  A gnoll sergeant (D:9)
  3 scorpions (D:6)
  19 wights
  3 killer bees (D:8)
  6 electric eels (D:10)
  3 howler monkeys (D:8)
  A quasit (D:7)
  6 orc priests
  A hound (D:5)
  3 iguanas
  2 sleepcaps
  Jessica (D:3)
  11 orc wizards
  9 adders
  8 gnolls
  5 shadow imps (D:7)
  7 white imps
  4 ufetubi
  A worm (D:3)
  2 dart slugs
  26 orcs
  8 endoplasms
  3 giant cockroaches
  3 hobgoblins
  2 jackals (D:1)
  A quokka (D:1)
  6 ball pythons
  2 bats (D:1)
  6 frilled lizards
  9 goblins
  23 kobolds
  5 rats
256 creatures vanquished.

Notes
Turn   | Place    | Note
-------+----------+-------------------------------------------
     0 | D:1      | pigah the Octopode Air Elementalist began the quest for the
                  | Orb.
     0 | D:1      | Reached XP level 1. HP: 11/11 MP: 3/3
    37 | D:1      | You fall into a shaft and drop 1 floor!
   196 | D:1      | Reached XP level 2. HP: 14/17 MP: 0/5
   670 | D:1      | Reached XP level 3. HP: 21/21 MP: 3/6
   766 | D:1      | Reached skill level 4 in Air Magic
   781 | D:1      | Learned a level 3 spell: Swiftness
  1342 | D:2      | Reached XP level 4. HP: 27/27 MP: 4/7
  1635 | D:2      | Found a faded altar of an unknown god.
  2270 | D:3      | Reached skill level 5 in Air Magic
  2270 | D:3      | Reached XP level 5. HP: 29/31 MP: 7/9
  2325 | D:3      | Learned a level 4 spell: Airstrike
  2509 | D:3      | Found a runed translucent gate.
  2514 | D:3      | Noticed Jessica
  2517 | D:3      | Killed Jessica
  2560 | D:3      | Found a runed translucent gate.
  2560 | D:3      | Noticed cheesebisquit's ghost (amateur HOTm)
  2561 | D:3      | Found a runed translucent gate.
  3109 | D:4      | Reached XP level 6. HP: 36/36 MP: 4/11
  3233 | D:4      | Noticed a black bear
  3239 | D:4      | Killed a black bear
  3240 | D:4      | Reached skill level 6 in Air Magic
  3702 | D:4      | Found an opulent altar of Gozag.
  3707 | D:4      | Became a worshipper of Gozag Ym Sagoz the Greedy
  4100 | D:5      | Entered Level 5 of the Dungeon
  4126 | D:5      | Noticed an ice beast
  4137 | D:5      | Killed an ice beast
  4138 | D:5      | Reached XP level 7. HP: 41/41 MP: 7/13
  4201 | D:5      | Reached skill level 7 in Air Magic
  4298 | D:5      | Found a staircase to the Ecumenical Temple.
  4535 | D:5      | Reached skill level 5 in Spellcasting
  4535 | D:5      | Reached XP level 8. HP: 46/46 MP: 5/15
  4640 | D:5      | Found a basalt altar of Yredelemnul.
  4677 | D:5      | Reached skill level 8 in Air Magic
  4804 | D:5      | Found the +8 demon trident "Rift" {distort, reach+}
  5594 | D:6      | Noticed a troll
  5709 | D:6      | Reached skill level 9 in Air Magic
  5831 | D:6      | Got the Directory of Hail
  5998 | D:6      | Reached XP level 9. HP: 51/51 MP: 9/18
  6217 | D:6      | Found an iron altar of Okawaru.
  6542 | D:6      | Found a shimmering altar of Xom.
  6546 | D:6      | Found a snail-covered altar of Cheibriados.
  6553 | D:6      | Found a stormy altar of Qazlal.
  6556 | D:6      | Found a radiant altar of Vehumet.
  6558 | D:6      | Found a glowing silver altar of Zin.
  6737 | D:7      | Reached skill level 10 in Air Magic
  7214 | D:7      | Noticed Joseph
  7236 | D:7      | Killed Joseph
  7326 | D:7      | Reached skill level 11 in Air Magic
  7820 | D:7      | Reached XP level 10. HP: 56/56 MP: 1/21
  8537 | D:8      | Noticed Prince Ribbit
  8541 | D:8      | Killed Prince Ribbit
  8544 | D:8      | Noticed Maggie
  8564 | D:8      | Reached skill level 12 in Air Magic
  8752 | D:8      | Killed Maggie
  9416 | D:8      | Noticed Pikel
  9424 | D:8      | Killed Pikel
  9855 | D:8      | Bought a scroll of identify for 52 gold pieces
  9855 | D:8      | Bought a scroll of identify for 52 gold pieces
  9855 | D:8      | Bought a scroll of identify for 52 gold pieces
  9985 | D:9      | Learned a level 2 spell: Poisonous Vapours
 10279 | D:9      | Reached skill level 13 in Air Magic
 11173 | D:10     | Entered Level 10 of the Dungeon
 11310 | D:10     | Reached XP level 11. HP: 62/62 MP: 15/24
 11980 | D:10     | Reached skill level 1 in Fighting
 12247 | D:10     | Found a burning altar of Makhleb.
 12279 | D:11     | Noticed Fannar
 12286 | D:11     | Killed Fannar
 12389 | D:11     | Noticed a death yak
 12393 | D:11     | Noticed a death yak
 12394 | D:11     | Killed a death yak
 12500 | D:11     | Noticed a cyclops
 12504 | D:11     | Killed a cyclops
 12505 | D:11     | Reached skill level 14 in Air Magic
 12865 | D:11     | Reached skill level 10 in Spellcasting
 13096 | D:11     | Found a staircase to the Lair.
 13098 | D:11     | Noticed a death yak
 13133 | D:11     | Noticed a two-headed ogre
 13136 | D:11     | Killed a two-headed ogre
 13137 | D:11     | Noticed a death yak
 13142 | D:11     | Killed a death yak
 13175 | D:11     | Killed a death yak
 13324 | D:11     | Noticed a death yak
 13511 | D:11     | Killed a death yak
 14393 | D:11     | Killed a death yak
 14394 | D:11     | Reached skill level 15 in Air Magic
 14394 | D:11     | Reached XP level 12. HP: 72/72 MP: 9/26
 14807 | Lair:1   | Entered Level 1 of the Lair of Beasts
 16011 | Lair:1   | HP: 1/74 [cane toad (15)]
 16012 | Lair:1   | Succumbed to a cane toad's poison

Illustrated notes

Levels and vault maps discovered:
D:1:      lightli_arrival_lavapool, layout_rooms,
          hangedman_decor_clover_reticule
D:2:      layout_loops_cross, shapermc_ecumenical_altar_starsandcircs,
          moated_statue
D:3:      layout_rooms, ebering_ghost_rock_garden, lemuel_flame_loot_1,
          uniq_jessica
D:4:      nicolae_cairo_tiling, layout_basic,
          mainiacjoe_overflow_six_doors_small, minmay_crystal_water
D:5:      layout_cave_pools, mainiacjoe_overflow_chevrons,
          minmay_temple_entry_wispy
D:6:      kennysheep_six_static_rooms, layout_cave_pools,
          nicolae_overflow_hallway_of_the_gods, lightli_corner_chamber
D:7:      minmay_general_purpose_star, layout_cave_pools, serial_demonic,
          serial_demonic_d, serial_demonic_d, serial_demonic_f,
          serial_demonic_a, serial_demonic_d, serial_demonic_b, uniq_joseph
D:8:      layout_loops_ring, uniq_pikel, uniq_maggie, uniq_prince_ribbit1
D:9:      layout_loops_ring
D:10:     layout_basic, lightli_temple_of_fire
D:11:     layout_layer_cave, dpeg_lair_monsters, nicolae_figureground_sparkle,
          uniq_fannar
Lair:1:   layout_layer_cave

Skill      XL: |  1  2  3  4  5  6  7  8  9 10 11 12 |
---------------+-------------------------------------+-----
Air Magic      | 4 5 6 7 9 11 13 15 | 15.2
Spellcasting   | 3 4 5 6 7 9 10 | 10.8
Fighting       | 3 4 |  4.0
Dodging        | |  2.0
Stealth        | |  2.6
Conjurations   | |  1.0

Action                     |  1- 3 |  4- 6 |  7- 9 | 10-12 || total
---------------------------+-------+-------+-------+-------++-------
  Melee: Unarmed           |     7 |       |       |       ||     7
         Constrict         |     4 |     2 |     1 |     5 ||    12
         Tentacles         |     3 |       |       |     8 ||    11
         Staff             |     6 |     8 |     9 |    26 ||    49
         Punch             |       |       |       |     1 ||     1
  Throw: Dart              |       |       |       |     2 ||     2
   Cast: Shock             |    57 |    84 |   109 |   155 ||   405
         Airstrike         |       |     1 |    48 |   135 ||   184
         Swiftness         |       |       |     1 |     1 ||     2
 Invoke: Call Merchant     |       |       |       |     1 ||     1
  Evoke: Wand              |       |       |       |    11 ||    11
    Use: Scroll            |       |       |     5 |     8 ||    13
         Potion            |       |       |     4 |     2 ||     6
   Stab: Sleeping          |     1 |       |       |       ||     1
 Armour: Skin              |     8 |     1 |     1 |     5 ||    15
  Dodge: Dodged            |    28 |    10 |    14 |    56 ||   108
